 Dungeon Crawl Stone Soup version 0.30-a0-576-g89cddaab80 (webtiles) character file.

Game seed: 377970885896410115

154 12572944 the Trooper (level 5, -6/70 HPs)
             Began as a Minotaur Berserker on Dec 30, 2022.
             Was a Believer of Trog.
             Mangled by a hornet (13 damage)
             ... on level 6 of the Dungeon on Dec 31, 2022.
             The game lasted 00:09:04 (2431 turns).

12572944 the Trooper (Minotaur Berserker)           Turns: 2431, Time: 00:09:05

Health: -6/70      AC:  6    Str: 21    XL:     5   Next: 13%
Magic:  4/4        EV: 11    Int:  4    God:    Trog [**....]
Gold:   148        SH:  0    Dex: 12    Spells: 4/4 levels left

rFire   . . .      SeeInvis .    a - +0 hand axe
rCold   . . .      Faith    .    (no shield)
rNeg    . . .      Spirit   .    j - +0 scale mail
rPois   .          Reflect  .    (helmet restricted)
rElec   .          Harm     .    (no cloak)
rCorr   .          Rampage  .    (no gloves)
Will    .....                    (no boots) Stlth
                                 (no amulet)
HPRegen 0.31/turn                (no ring)
MPRegen 0.09/turn                (no ring)

@: berserking, slowed
A: horns 2, retaliatory headbutt
a: Renounce Religion, Berserk, Trog's Hand


You were on level 6 of the Dungeon.
You worshipped Trog.
Trog was pleased with you.
You visited 1 branch of the dungeon, and saw 5 of its levels.

You collected 148 gold pieces.

Inventory:

Hand Weapons
 a - a +0 hand axe (weapon)
 m - a +0 mace
Missiles
 h - 60 stones (quivered)
 i - 16 poisoned darts
Armour
 b - a +0 animal skin
 j - a +0 scale mail (worn)
Jewellery
 u - a ring of flight
Scrolls
 e - 3 scrolls of identify {@r1}
 f - a scroll of teleportation {@r4}
 l - a scroll of silence {unknown}
 n - a scroll of brand weapon {unknown}
 p - a scroll of enchant weapon {unknown}
 q - a scroll of amnesia {unknown}
 t - a scroll of vulnerability
Potions
 c - a potion of flight
 d - 2 potions of might
 g - a potion of ambrosia
 k - a potion of mutation
 o - a potion of lignification
 r - 2 potions of brilliance
 s - 2 potions of invisibility


   Skills:
 + Level 4.5 Fighting
 + Level 4.5 Axes
 + Level 3.5 Armour
 * Level 4.1 Dodging


You had 4 spell levels left.
You didn't know any spells.
Your spell library was empty.

Dungeon Overview and Level Annotations

Branches:
Dungeon (6/15)             Temple (0/1) D:4

Altars:
Cheibriados
Okawaru
Qazlal
Ru
Vehumet


Innate Abilities, Weirdness & Mutations

You have a pair of horns on your head.
You reflexively headbutt those who attack you in melee.


Message History

As you open the door, it creaks loudly!
Something shouts, "Bolt, thou reeling-ripe nose-picking dingleberry!"
A white imp comes into view.
Found 11 gold pieces.
The white imp shouts!
There is an open door here.
A jelly comes into view.
The white imp gestures at you. The puff of frost hits you!
A hornet comes into view.
The hornet buzzes angrily.
The white imp spits at you.
A red film seems to cover your vision as you go berserk!
You feel yourself moving faster!
You feel mighty! The white imp hits you. The white imp freezes you.
You hit the jelly.
Your hands burn!
You headbutt the jelly.
The jelly is heavily wounded.
You slash the white imp! The jelly hits you but does no damage.
The white imp hits you. The white imp freezes you.
You slash the jelly!
You kill the jelly!
Trog accepts your kill.
You closely miss the white imp. You miss the hornet. The hornet stings you!
You suddenly lose the ability to move!
Your Dodging skill increases to level 4!
You have reached level 5!
The hornet stings you!
You shrug off the repeated paralysis!
The white imp gestures at you. The puff of frost hits you!
* * * LOW HITPOINT WARNING * * *
The hornet stings you!
* * * LOW HITPOINT WARNING * * *
You feel yourself slow down.
You can move again.
Unknown command.
You miss the hornet. Your headbutt misses the hornet. You hit the white imp.
You kill the white imp!
Trog accepts your kill. The hornet stings you!
You die...

### ##
##############.#####.
#..............#....>
#.############.#.###.
#.# #.#.# #.
####'####### ####.#.#
#.
#..........###~~~.#.#
#.
#..........##~≈≈≈~..#
#.
#......@...#_~†.≈~..#
#.
#.....y....##~≈≈≈~..#
#.
#..........###~~~.###
#. #..........#
###### #.
#.........$# #.
#..........# #.
####........ #.
#......### #. #### #.


You could see a hornet.

Vanquished Creatures
  A jelly (D:6)
  An adder (D:2)
  3 gnolls (D:2)
  A white imp (D:6)
  2 worms
  4 dart slugs
  An orc (D:3)
  8 ball pythons
  5 bats
  4 endoplasms
  A giant cockroach (D:3)
  5 goblins
  4 hobgoblins
  10 jackals
  A quokka (D:2)
  6 frilled lizards
  6 kobolds
  9 rats
72 creatures vanquished.

Notes
Turn   | Place    | Note
-------+----------+-------------------------------------------
     0 | D:1      | 12572944 the Minotaur Berserker began the quest for the
                  | Orb.
     0 | D:1      | Reached XP level 1. HP: 19/19 MP: 0/0
   193 | D:1      | Reached XP level 2. HP: 25/27 MP: 1/1
   581 | D:1      | Reached XP level 3. HP: 33/33 MP: 2/2
   670 | D:2      | Reached ** piety under Trog
   907 | D:2      | !bestwep
  1023 | D:2      | Reached XP level 4. HP: 38/40 MP: 3/3
  1554 | D:3      | Found a radiant altar of Vehumet.
  1866 | D:3      | Found an iron altar of Okawaru.
  1988 | D:3      | Found a sacrificial altar of Ru.
  2100 | D:4      | Found a stormy altar of Qazlal.
  2134 | D:4      | Found a staircase to the Ecumenical Temple.
  2227 | D:4      | You fall into a shaft and drop 2 floors!
  2385 | D:6      | Found a snail-covered altar of Cheibriados.
  2425 | D:6      | Noticed a hornet
  2429 | D:6      | Paralysed by a hornet for 1 turns
  2430 | D:6      | Reached XP level 5. HP: 29/47 MP: 4/4
  2431 | D:6      | Mangled by a hornet

Illustrated notes

#g#.# #.#....... #...#
#.#######. ##.## #...:#
#. #.#### ####.# #.
#....# #.# #. ####.# #.#
#. ##)# #.# #. #).# #.#
#. #######@######
#.##### ..(..........#
#......
#######.####.#####.#####
#.# #.......## #.#
######.#.#### #.#
#...###.... #.#
#.##.#.####
#.######.###.##
#........# #.#


Turn 907 on D:2: !bestwep

Levels and vault maps discovered:
D:1:      scummos_arrival_star, layout_loops_ring
D:2:      layout_loops_ring
D:3:      layout_rooms, mainiacjoe_overflow_24_doors,
          nicolae_ru_the_path_less_chosen, marbit_many_paths,
          grunt_ministairs_15, grunt_decor_cap
D:4:      layout_rooms, grunt_qazlal_sundering,
          minmay_temple_entry_from_below_a, serial_curves, eino_curves_02,
          eino_curves_03, minmay_cupped, uniq_grinder
D:6:      layout_basic, doesnt_xom_only_xom, kennysheep_slug_shrine

Skill      XL: |  1  2  3  4 |
---------------+-------------+-----
Dodging        | 3 4 |  4.1
Fighting       | 4 |  4.5
Axes           | 4 |  4.5
Armour         | 3 |  3.5

Action                   |  1- 3 |  4- 6 || total
-------------------------+-------+-------++-------
Melee: Hand axe          |    83 |    76 ||   159
       Headbutt          |    12 |    16 ||    28
Invok: Berserk           |     1 |     1 ||     2
  Use: Scroll            |       |    10 ||    10
 Stab: Sleeping          |     1 |       ||     1
Armor: Animal skin       |     1 |       ||     1
       Scale mail        |    28 |    24 ||    52
Dodge: Dodged            |    38 |    33 ||    71

Table legend: (Time is in decaauts)
 A = Elapsed time spent in this place.
 B = Non-inter-level travel time spent in this place.
 C = Inter-level travel time spent in this place.
 D = Time resting spent in this place.
 E = Time spent auto-exploring this place.
 F = Levels seen in this place.
 G = Mean time per level.
                   A        B        C        D        E       F      G
               +--------+--------+--------+--------+--------+-----+--------+
         Total |   2458 |   2386 |     72 |     46 |   1804 |   5 |  491.6 |
       Dungeon |   2458 |   2386 |     72 |     46 |   1804 |   5 |  491.6 |
               +--------+--------+--------+--------+--------+-----+--------+

Top non-repeatable levels by time:
     D:2: 787 daAuts
     D:1: 669 daAuts
     D:3: 642 daAuts
     D:6: 209 daAuts
     D:4: 150 daAuts
